 Dungeon Crawl Stone Soup version 0.31.0-9-g3a7656b989 (webtiles) character file.

Game seed: 14857700730357329935

42015 qw the Marksspriggan (level 13, -4/67 HPs)
             Began as a Spriggan Hunter on Feb 2, 2024.
             Was a High Priest of Okawaru.
             Slain by a cane toad (10 damage)
             ... on level 5 of the Lair of Beasts.
             The game lasted 00:02:24 (14168 turns).

qw the Marksspriggan (Spriggan Hunter)             Turns: 14168, Time: 00:02:25

Health: -4/67      AC: 11    Str:  7    XL:     13   Next: 83%
Magic:  15/21      EV: 37    Int: 11    God:    Okawaru [*****.]
Gold:   559        SH:  0    Dex: 23    Spells: 12/12 levels left

rFire   . . .        x - +5 hand cannon "Pyoklon" {flame, rElec}
rCold   . . .        (no shield)
rNeg    . . .        j - +0 troll leather armour
rPois   +            (helmet restricted)
rElec   +            t - +2 cloak of Light {Rampage +Blink rPois}
rCorr   .            (gloves unavailable)
SInv    +            (boots unavailable)
Will    ++...        f - amulet of faith
Stlth   ++++         i - +4 ring of protection
HPRegen 1.11/turn    (no ring)
MPRegen 0.17/turn

%: rampage, faith
@: lethally poisoned (-4 -> -6), about to teleport, heroic, finesse-ful, very
quick
A: very small, no large weapons, unfitting armour, see invisible, speed 3
a: Renounce Religion, Evoke Blink, Heroism, Finesse, Duel


You were on level 5 of the Lair of Beasts.
You worshipped Okawaru.
Okawaru was extremely pleased with you.
You visited 3 branches of the dungeon, and saw 17 of its levels.
You also visited: Ossuary.

You collected 984 gold pieces.
You spent 425 gold pieces at shops.


Innate Abilities, Weirdness & Mutations

You are very small and have problems with some larger weapons.
You are too small for most types of armour.
You have supernaturally acute eyesight. (SInv)
You cover ground extremely quickly. (Speed+++)


   Skills:
 - Level 7.0(12.0) Fighting
 + Level 16.8(21.8) Ranged Weapons
 - Level 1.1(6.1) Armour
 - Level 16.0(21.0) Dodging
 - Level 1.5(6.5) Stealth
 - Level 10.0 Invocations


You had 12 spell levels left.
You didn't know any spells.
Your spell library was empty.

Inventory:

Hand Weapons
 x - the +5 hand cannon "Pyoklon" (weapon) {flame, rElec}
   (You found it on level 3 of the Lair of Beasts)

   rElec:     It insulates you from electricity.
Armour
 j - a +0 troll leather armour (worn)
 o - the +1 robe "Puid" {-Tele rPois Str+6 Archmagi}
   (You found it on level 9 of the Dungeon)

   Str+6:     It affects your strength (+6).
   rPois:     It protects you from poison -Tele: It prevents most forms of
   teleportation.
   Archmagi:  It increases the power of your magical spells.
 t - the +2 cloak of Light (worn) {Rampage +Blink rPois}
   (Okawaru gifted it to you on level 2 of the Lair of Beasts)

   rPois:     It protects you from poison +Blink: It lets you blink.
   Rampage:   It bestows one free step when moving towards enemies.
Jewellery
 f - an amulet of faith (around neck)
 h - a ring of fire
 i - a +4 ring of protection (left hand)
 q - an amulet of reflection
Wands
 a - a wand of mindburst (8)
 l - a wand of light (10)
 m - a wand of charming (5)
 n - a wand of polymorph (4)
Scrolls
 b - 4 scrolls of teleportation
 p - 3 scrolls of identify
 u - 2 scrolls of silence {unknown}
Potions
 c - a potion of magic
 d - 4 potions of curing
 e - 5 potions of might
 g - 5 potions of enlightenment
 k - 3 potions of mutation
 s - a potion of haste
 v - 2 potions of cancellation
 w - 2 potions of resistance

Dungeon Overview and Level Annotations

Branches:
Dungeon (11/15)            Temple (1/1) D:7            Lair (4/5) D:11
 Shoals (0/4) Lair:2        Snake (0/4) Lair:3        Slime (0/5) Lair:4
    Orc (0/2) D:11        Ossuary (visited)

Altars:
Ashenzari
Cheibriados
Dithmenos
Elyvilon
Fedhas
Gozag
Hepliaklqana
Kikubaaqudgha
Makhleb
Nemelex Xobeh
Okawaru
Qazlal
Ru
Sif Muna
Trog
Uskayaw
Vehumet
Wu Jian
Xom
Yredelemnul
Zin
The Shining One
Jiyva

Shops:
D:8 *

Annotations:
Lair:1 2 transporters, exclusion: oklob plant
Lair:4 Urug


Message History

A blink frog comes into view.
A yak comes into view.
The blink frog blinks!
The cane toad stings you but does no damage.
The blink frog blinks!
A komodo dragon comes into view.
You shoot a bolt.
The bolt closely misses the vampire mosquito.
The bolt closely misses the electric eel.
The bolt hits the cane toad!
The bolt burns the cane toad.
The cane toad is moderately wounded.
You hear an angry hiss.
The vampire mosquito misses you. The cane toad stings you.
The blink frog blinks! x2; The cane toad closely misses you.
You shoot a bolt. The bolt hits the vampire mosquito!!
The bolt burns the vampire mosquito!
You destroy the vampire mosquito!
Okawaru accepts your kill.
You hear a bellow!
The blink frog blinks!
The cane toad stings you.
You are poisoned.
The cane toad poisons you! The cane toad completely misses you.
You shoot a bolt. The bolt hits the cane toad!
The bolt burns the cane toad.
The cane toad is heavily wounded.
You feel sick. The bullfrog completely misses you.
The blink frog blinks!
The cane toad completely misses you. The cane toad stings you.
The blink frog blinks!
14167 ||| READING 5 scrolls of teleportation.
As you read the scroll of teleportation, it crumbles to dust.
You feel strangely unstable.
You feel very sick.
A nearby plant withers and dies.
The bullfrog completely misses you.
The cane toad stings you but does no damage.
The cane toad completely misses you. The cane toad misses you.
A yak comes into view.
You shoot a bolt. The yak bellows!
The bolt hits the cane toad!
The bolt burns the cane toad!
The cane toad is almost dead.
You feel sick. The cane toad stings you!
You die... ..P.~ .....~ ~.P... # ~~~.~. # ~~~~..# # ~~~P~~F ## ~~~PlFF## .# ~~~¤FSF@# ~# ~~~FyFFF# %## ~~~~~wFFY# YY#

~~~~S~.FY#
F.#
~¤~~~~PF..
F~#
~~~~~~.P..#
~~#
~~#~~~~...Y
~~#
~~#~~~~.....
~~F~
##~~~.~...Y


You could see a tyrant leech, a komodo dragon, 3 yaks, 7 cane toads, 4 blink
frogs, a vampire mosquito, 2 bullfrogs and 2 electric eels.

Vanquished Creatures
  Josephine (Lair:4)
  2 two-headed ogres (D:11)
  3 hydras
  A death yak (Lair:5)
  Nergalle (Lair:3)
  Amaemon (Lair:1)
  3 skysharks
  A salamander (Lair:3)
  2 cyclopes (D:11)
  A manticore (D:11)
  An ugly thing (D:11)
  5 black mambas
  5 elephants (Lair:4)
  A molten gargoyle (Lair:4)
  An orange demon (Lair:1)
  14 cane toads
  A torpor snail (Lair:1)
  4 komodo dragons
  2 trolls (D:11)
  5 polar bears
  2 tyrant leeches (Lair:5)
  A hornet (D:9)
  11 blink frogs
  8 dream sheep
  Sigmund (D:2)
  5 wraiths
  8 wyverns
  A spriggan (Lair:3)
  49 yaks
  A vampire (D:10)
  4 basilisks
  A steam dragon (D:7)
  3 vampire mosquitoes (Lair:5)
  5 water moccasins
  An acid dragon (D:9)
  2 orc warriors
  A swamp drake (D:11)
  A sky beast (D:7)
  An ice beast (D:6)
  3 black bears
  2 ogres (D:6)
  25 wolves
  A kobold brigand (D:7)
  2 gnoll sergeants (D:8)
  A scorpion (D:5)
  20 bullfrogs
  19 killer bees
  A howler monkey (D:9)
  7 electric eels
  7 bullfrog zombies (Ossuary)
  4 lava snakes
  5 hounds
  11 orc priests
  5 jellies
  3 sleepcaps (D:6)
  9 orc wizards
  4 crocodile zombies (Ossuary)
  3 hound zombies (Ossuary)
  8 mummies (Ossuary)
  3 howler monkey zombies (Ossuary)
  6 adders
  7 gnolls (D:8)
  A shadow imp (D:6)
  A white imp (D:8)
  5 dart slugs
  3 ribbon worms
  34 orcs
  8 endoplasms
  6 giant cockroaches
  8 goblins
  7 hobgoblins
  4 quokkas
  7 ball pythons
  4 ball python zombies (Ossuary)
  2 bats (D:1)
  2 frilled lizards
  12 kobolds
  5 rats
426 creatures vanquished.

Vanquished Creatures (others)
  A vampire mosquito (Lair:5)
1 creature vanquished.

Grand Total: 427 creatures vanquished

Notes
Turn   | Place    | Note
-------+----------+-------------------------------------------
     0 | D:1      | qw the Spriggan Hunter began the quest for the Orb.
     0 | D:1      | Reached XP level 1. HP: 10/10 MP: 2/2
     0 | D:1      | 0 ||| qw: Version: 0.3-a-155-g5e7d8dd
     0 | D:1      | 0 ||| qw: Game counter: 1790
     0 | D:1      | 0 ||| qw: Melee chars always use a shield: true
     0 | D:1      | 0 ||| qw: God list: Okawaru
     0 | D:1      | 0 ||| qw: Allow faded altars: false
     0 | D:1      | 0 ||| qw: Do Orc after clearing Dungeon:15 true
     0 | D:1      | 0 ||| qw: Do second Lair branch before Depths: true
     0 | D:1      | 0 ||| qw: Lair rune preference: random
     0 | D:1      | 0 ||| qw: Goals: Normal
     0 | D:1      | 0 ||| PLANNING D:1-11
    26 | D:1      | Reached skill level 3 in Dodging
   121 | D:1      | Reached XP level 2. HP: 14/14 MP: 3/3
   300 | D:1      | Reached XP level 3. HP: 18/18 MP: 4/4
   521 | D:1      | 521 ||| DROPPING scarf of shadows.
   522 | D:1      | 522 ||| UPGRADING to +4 ring of protection.
   523 | D:1      | 523 ||| READING scroll labelled AWAXKU LEES.
   524 | D:1      | 524 ||| READING scroll labelled LETAJU JYUNK.
   524 | D:1      | 524 ||| IDENTIFYING white potion
   525 | D:1      | 525 ||| READING scroll labelled IVOPOO FUSU.
   525 | D:1      | 525 ||| ENCHANTING +0 shortbow.
   526 | D:1      | 526 ||| DROPPING scroll of butterflies.
   611 | D:2      | Noticed Sigmund
   614 | D:2      | 614 ||| FLEEEEING.
   615 | D:2      | 615 ||| FLEEEEING.
   616 | D:2      | 616 ||| FLEEEEING.
   617 | D:2      | 617 ||| FLEEEEING.
   619 | D:2      | 619 ||| FLEEEEING.
   628 | D:2      | Killed Sigmund
   629 | D:2      | Reached skill level 6 in Ranged Weapons
   629 | D:2      | Reached XP level 4. HP: 10/22 MP: 5/5
   629 | D:2      | Reached XP level 5. HP: 12/25 MP: 6/6
  1131 | D:2      | 1131 ||| READING 3 scrolls of identify.
  1131 | D:2      | 1131 ||| IDENTIFYING glowing purple potion
  1132 | D:2      | 1132 ||| READING 2 scrolls of identify.
  1132 | D:2      | 1132 ||| IDENTIFYING scroll labelled YDIKEGH RUUWK
  1133 | D:2      | 1133 ||| READING scroll of identify.
  1133 | D:2      | 1133 ||| IDENTIFYING scroll labelled GEOPPI PICSUE
  1133 | D:2      | Identified a scroll of acquirement
  1134 | D:2      | 1134 ||| READING scroll of acquirement.
  1134 | D:2      | 1134 ||| ACQUIRING amulet of faith
  1134 | D:2      | Acquired an amulet of faith
  1136 | D:2      | 1136 ||| UPGRADING to amulet of faith.
  1141 | D:2      | 1141 ||| READING 2 scrolls labelled LUGIAKLAEDA.
  1146 | D:2      | 1146 ||| DROPPING scroll of immolation.
  1391 | D:3      | 1391 ||| FLEEEEING.
  1392 | D:3      | 1392 ||| FLEEEEING.
  1393 | D:3      | 1393 ||| FLEEEEING.
  1394 | D:3      | 1394 ||| FLEEEEING.
  1396 | D:3      | 1396 ||| FLEEEEING.
  1397 | D:3      | 1397 ||| FLEEEEING.
  1398 | D:3      | 1398 ||| FLEEEEING.
  1399 | D:3      | 1399 ||| FLEEEEING.
  1400 | D:3      | 1400 ||| FLEEEEING.
  1401 | D:3      | 1401 ||| FLEEEEING.
  1415 | D:3      | Reached XP level 6. HP: 22/30 MP: 7/7
  1770 | D:3      | 1770 ||| DROPPING +3 sling.
  1771 | D:3      | 1771 ||| READING scroll labelled NICRIG OT YBIE.
  1772 | D:3      | 1772 ||| READING scroll labelled LUNUAG XUNWUREETS.
  2555 | D:4      | 2555 ||| READING 4 scrolls of identify.
  2555 | D:4      | 2555 ||| IDENTIFYING red potion
  2556 | D:4      | 2556 ||| READING 3 scrolls of identify.
  2556 | D:4      | 2556 ||| IDENTIFYING fizzy black potion
  2557 | D:4      | 2557 ||| READING 2 scrolls of identify.
  2557 | D:4      | 2557 ||| IDENTIFYING viscous yellow potion
  2558 | D:4      | 2558 ||| READING scroll of identify.
  2558 | D:4      | 2558 ||| IDENTIFYING scroll labelled POMPED COAKHI
  2559 | D:4      | 2559 ||| DROPPING potion of lignification.
  2560 | D:4      | 2560 ||| DROPPING potion of magic.
  2561 | D:4      | 2561 ||| DROPPING scroll of revelation.
  2596 | D:5      | Entered Level 5 of the Dungeon
  2940 | D:5      | Reached skill level 6 in Dodging
  2969 | D:5      | Reached XP level 7. HP: 30/35 MP: 8/8
  2981 | D:5      | 2981 ||| FLEEEEING.
  3270 | D:5      | 3270 ||| READING scroll of identify.
  3270 | D:5      | 3270 ||| IDENTIFYING fuming clear potion
  3271 | D:5      | 3271 ||| DROPPING potion of degeneration.
  3675 | D:6      | Found a snail-covered altar of Cheibriados.
  3757 | D:6      | 3757 ||| RETREEEEATING.
  3758 | D:6      | 3758 ||| RETREEEEATING.
  3759 | D:6      | 3759 ||| RETREEEEATING.
  3760 | D:6      | 3760 ||| RETREEEEATING.
  3909 | D:6      | Reached XP level 8. HP: 28/39 MP: 9/9
  3959 | D:6      | 3959 ||| READING scroll of enchant weapon.
  3959 | D:6      | 3959 ||| ENCHANTING +1 shortbow.
  3964 | D:6      | 3964 ||| READING 2 scrolls of enchant weapon.
  3964 | D:6      | 3964 ||| ENCHANTING +2 shortbow.
  3965 | D:6      | 3965 ||| READING scroll of enchant weapon.
  3965 | D:6      | 3965 ||| ENCHANTING +3 shortbow.
  3987 | D:6      | Reached skill level 3 in Fighting
  4366 | D:6      | HP: 10/40 [orc priest/+2 whip of venom (5)]
  4367 | D:6      | 4367 ||| READING 5 scrolls of teleportation.
  4369 | D:6      | HP: 3/40 [poisoned by an orc priest]
  4370 | D:6      | 4370 ||| DRINKING 2 potions of curing.
  4370 | D:6      | 4370 ||| (to cure poison)
  4571 | D:6      | 4571 ||| READING scroll of identify.
  4571 | D:6      | 4571 ||| IDENTIFYING smoky coppery potion
  4572 | D:6      | 4572 ||| READING scroll labelled ISHRUL KYAKE.
  4573 | D:6      | 4573 ||| DROPPING potion of attraction.
  4575 | D:6      | 4575 ||| Stepping ~*~*~tactically~*~*~ (cloud).
  4641 | D:7      | 4641 ||| PLANNING OSSUARY
  4808 | D:7      | Reached skill level 9 in Ranged Weapons
  4808 | D:7      | 4808 ||| FLEEEEING.
  4809 | D:7      | 4809 ||| FLEEEEING.
  4926 | D:7      | 4926 ||| FLEEEEING.
  4927 | D:7      | 4927 ||| STAIRDANCE
  4927 | D:7      | HP: 9/40 [orc/boomerang (3)]
  5068 | D:7      | Found a staircase to the Ecumenical Temple.
  5132 | D:7      | Found a broken altar of Ashenzari.
  5190 | D:7      | Reached skill level 9 in Dodging
  5191 | D:7      | Found a sand-covered staircase.
  5199 | Ossuary  | Entered an ossuary
  5377 | Ossuary  | Reached XP level 9. HP: 40/44 MP: 10/10
  5669 | Ossuary  | 5669 ||| READING 3 scrolls of identify.
  5669 | Ossuary  | 5669 ||| IDENTIFYING clear potion
  5670 | Ossuary  | 5670 ||| READING 2 scrolls of identify.
  5670 | Ossuary  | 5670 ||| IDENTIFYING inky potion
  5671 | Ossuary  | 5671 ||| READING scroll of identify.
  5671 | Ossuary  | 5671 ||| IDENTIFYING fuming cyan potion
  5672 | Ossuary  | 5672 ||| READING scroll labelled YSTRIMA XUITWO.
  5672 | Ossuary  | 5672 ||| ENCHANTING +4 shortbow.
  5673 | Ossuary  | 5673 ||| DROPPING potion of brilliance.
  5674 | Ossuary  | 5674 ||| DROPPING potion of berserk rage.
  5687 | D:7      | 5687 ||| PLANNING TEMPLE
  5707 | Temple   | Found a transporter.
  5707 | Temple   | Found a transporter.
  5707 | Temple   | Found a transporter.
  5707 | Temple   | Found a transporter.
  5707 | Temple   | Entered the Ecumenical Temple
  5708 | Temple   | 5708 ||| PLANNING D:1-11
  5716 | Temple   | 5716 ||| PLANNING OKAWARU WORSHIP
  5721 | Temple   | Became a worshipper of Warmaster Okawaru
  5722 | Temple   | 5722 ||| PLANNING D:1-11
  6301 | D:8      | 6301 ||| RETREEEEATING.
  6337 | D:8      | Reached * piety under Okawaru
  6343 | D:8      | Reached skill level 1 in Invocations
  6393 | D:8      | 6393 ||| RETREEEEATING.
  6398 | D:8      | 6398 ||| RETREEEEATING.
  6401 | D:8      | 6401 ||| RETREEEEATING.
  6402 | D:8      | 6402 ||| RETREEEEATING.
  6403 | D:8      | 6403 ||| RETREEEEATING.
  6404 | D:8      | 6404 ||| RETREEEEATING.
  6405 | D:8      | 6405 ||| RETREEEEATING.
  6427 | D:8      | Reached ** piety under Okawaru
  6428 | D:8      | Reached skill level 3 in Invocations
  6605 | D:8      | Reached XP level 10. HP: 50/50 MP: 12/14
  6675 | D:8      | 6675 ||| RETREEEEATING.
  6676 | D:8      | 6676 ||| RETREEEEATING.
  6677 | D:8      | 6677 ||| RETREEEEATING.
  6678 | D:8      | 6678 ||| RETREEEEATING.
  6679 | D:8      | 6679 ||| RETREEEEATING.
  6685 | D:8      | 6685 ||| RETREEEEATING.
  6689 | D:8      | 6689 ||| RETREEEEATING.
  6690 | D:8      | 6690 ||| RETREEEEATING.
  6693 | D:8      | Reached *** piety under Okawaru
  6955 | D:8      | 6955 ||| DROPPING ring of magical power.
  6956 | D:8      | 6956 ||| READING 3 scrolls of identify.
  6956 | D:8      | 6956 ||| IDENTIFYING scroll labelled WYIDIU TAECK
  6957 | D:8      | 6957 ||| DROPPING scroll of vulnerability.
  6959 | D:8      | Found Ruenuut's Gadget Gallery.
  6994 | D:8      | 6994 ||| BUYING wand of light (5) (336 gold).
  6994 | D:8      | Bought a wand of light (5) for 336 gold pieces
  6994 | D:8      | 6994 ||| BUYING wand of polymorph (4) (89 gold).
  6994 | D:8      | Bought a wand of polymorph (4) for 89 gold pieces
  7019 | D:8      | You fall into a shaft and drop 2 floors!
  7019 | D:10     | Entered Level 10 of the Dungeon
  7278 | D:8      | Reached skill level 12 in Dodging
  7601 | D:8      | 7601 ||| READING 2 scrolls of identify.
  7601 | D:8      | 7601 ||| IDENTIFYING yellow potion
  7602 | D:8      | 7602 ||| READING scroll of identify.
  7602 | D:8      | 7602 ||| IDENTIFYING scroll labelled HUDEF GUIBOKHARO
  7603 | D:8      | 7603 ||| READING scroll of brand weapon.
  7603 | D:8      | 7603 ||| BRANDING +4 shortbow.
  7679 | D:9      | Identified the +1 robe "Puid" {-Tele rPois Str+6 Archmagi}
  7730 | D:9      | Reached **** piety under Okawaru
  7875 | D:9      | Identified the +6 whip of the Other Side {flame, rElec rN+
                  | Str-2}
  7916 | D:9      | Identified the +5 scale mail "Hurphatiwk" {rC+}
  7927 | D:9      | 7927 ||| RETREEEEATING.
  7930 | D:9      | 7930 ||| RETREEEEATING.
  7953 | D:9      | HP: 12/50 [poisoned by a killer bee]
  7954 | D:9      | 7954 ||| READING 6 scrolls of teleportation.
  7955 | D:9      | 7955 ||| DRINKING potion of heal wounds.
  8107 | D:9      | 8107 ||| RETREEEEATING.
  8110 | D:9      | 8110 ||| RETREEEEATING.
  8321 | D:9      | Found a sparkling altar of Nemelex Xobeh.
  8371 | D:9      | Reached skill level 12 in Ranged Weapons
  8380 | D:9      | 8380 ||| UPGRADING to +0 acid dragon scales.
  8390 | D:9      | 8390 ||| DROPPING +0 robe.
  8391 | D:9      | 8391 ||| DROPPING +6 ring of intelligence.
  8694 | D:10     | Reached skill level 1 in Armour
  8721 | D:10     | Reached ***** piety under Okawaru
  8722 | D:10     | Reached skill level 6 in Invocations
  8929 | D:10     | 8929 ||| RETREEEEATING.
  8930 | D:10     | 8930 ||| RETREEEEATING.
  8964 | D:10     | Reached XP level 11. HP: 42/54 MP: 16/16
  9128 | D:10     | Found an opulent altar of Gozag.
  9128 | D:10     | Found a white marble altar of Elyvilon.
  9305 | D:10     | 9305 ||| DROPPING amulet of the acrobat.
  9306 | D:10     | 9306 ||| DROPPING ring of wizardry.
  9337 | D:11     | Noticed a two-headed ogre
  9338 | D:11     | 9338 ||| INVOKING Finesse.
  9346 | D:11     | Killed a two-headed ogre
  9407 | D:11     | 9407 ||| RETREEEEATING.
  9408 | D:11     | 9408 ||| RETREEEEATING.
  9409 | D:11     | 9409 ||| RETREEEEATING.
  9410 | D:11     | 9410 ||| RETREEEEATING.
  9411 | D:11     | 9411 ||| RETREEEEATING.
  9412 | D:11     | 9412 ||| RETREEEEATING.
  9413 | D:11     | 9413 ||| RETREEEEATING.
  9415 | D:11     | 9415 ||| RETREEEEATING.
  9416 | D:11     | 9416 ||| RETREEEEATING.
  9417 | D:11     | 9417 ||| RETREEEEATING.
  9418 | D:11     | 9418 ||| RETREEEEATING.
  9419 | D:11     | 9419 ||| RETREEEEATING.
  9420 | D:11     | 9420 ||| RETREEEEATING.
  9421 | D:11     | 9421 ||| RETREEEEATING.
  9422 | D:11     | 9422 ||| RETREEEEATING.
  9423 | D:11     | 9423 ||| RETREEEEATING.
  9424 | D:11     | 9424 ||| RETREEEEATING.
  9425 | D:11     | 9425 ||| RETREEEEATING.
  9426 | D:11     | 9426 ||| RETREEEEATING.
  9427 | D:11     | 9427 ||| RETREEEEATING.
  9428 | D:11     | 9428 ||| RETREEEEATING.
  9429 | D:11     | 9429 ||| RETREEEEATING.
  9430 | D:11     | 9430 ||| RETREEEEATING.
  9431 | D:11     | 9431 ||| RETREEEEATING.
  9432 | D:11     | 9432 ||| RETREEEEATING.
  9433 | D:11     | 9433 ||| RETREEEEATING.
  9434 | D:11     | 9434 ||| RETREEEEATING.
  9435 | D:11     | 9435 ||| RETREEEEATING.
  9437 | D:11     | 9437 ||| RETREEEEATING.
  9457 | D:11     | Received a gift from Okawaru
  9531 | D:11     | Found a staircase to the Orcish Mines.
  9679 | D:11     | Noticed a white ugly thing
  9680 | D:11     | 9680 ||| INVOKING Finesse.
  9681 | D:11     | 9681 ||| INVOKING Heroism.
  9690 | D:11     | Killed a white ugly thing
  9762 | D:11     | Found a broken altar of Ashenzari.
  9875 | D:11     | Noticed a two-headed ogre
  9876 | D:11     | 9876 ||| INVOKING Finesse.
  9882 | D:11     | Killed a two-headed ogre
 10309 | D:11     | 10309 ||| RETREEEEATING.
 10311 | D:11     | 10311 ||| RETREEEEATING.
 10312 | D:11     | 10312 ||| RETREEEEATING.
 10314 | D:11     | 10314 ||| RETREEEEATING.
 10315 | D:11     | 10315 ||| RETREEEEATING.
 10338 | D:11     | Received a gift from Okawaru
 10351 | D:11     | 10351 ||| DRINKING 5 potions of curing.
 10351 | D:11     | 10351 ||| (to cure confusion)
 10435 | D:11     | Found a staircase to the Lair.
 10474 | D:11     | Reached skill level 9 in Invocations
 10570 | D:11     | 10570 ||| PLANNING LAIR
 10570 | D:11     | 10570 ||| UPGRADING to +0 troll leather armour.
 10580 | D:11     | 10580 ||| DROPPING +0 acid dragon scales.
 10581 | D:11     | 10581 ||| READING 4 scrolls of identify.
 10581 | D:11     | 10581 ||| IDENTIFYING bubbling black potion
 10582 | D:11     | 10582 ||| READING 3 scrolls of identify.
 10582 | D:11     | 10582 ||| IDENTIFYING lumpy cyan potion
 10583 | D:11     | 10583 ||| READING 2 scrolls of identify.
 10583 | D:11     | 10583 ||| IDENTIFYING scroll labelled VAUKOB RAIQAJ
 10584 | D:11     | 10584 ||| DROPPING scroll of fog.
 10616 | Lair:1   | Entered Level 1 of the Lair of Beasts
 10648 | Lair:1   | 10648 ||| INVOKING Finesse.
 10711 | Lair:1   | Noticed an oklob plant
 10712 | Lair:1   | 10712 ||| INVOKING Finesse.
 10794 | Lair:2   | 10794 ||| RETREEEEATING.
 10795 | Lair:2   | 10795 ||| RETREEEEATING.
 10796 | Lair:2   | 10796 ||| RETREEEEATING.
 10797 | Lair:2   | 10797 ||| RETREEEEATING.
 10798 | Lair:2   | 10798 ||| RETREEEEATING.
 10802 | Lair:2   | 10802 ||| INVOKING Finesse.
 10812 | Lair:2   | 10812 ||| RETREEEEATING.
 10813 | Lair:2   | 10813 ||| RETREEEEATING.
 10814 | Lair:2   | 10814 ||| RETREEEEATING.
 10815 | Lair:2   | 10815 ||| RETREEEEATING.
 10816 | Lair:2   | 10816 ||| RETREEEEATING.
 10817 | Lair:2   | 10817 ||| RETREEEEATING.
 10818 | Lair:2   | 10818 ||| RETREEEEATING.
 10822 | Lair:2   | 10822 ||| RETREEEEATING.
 10834 | Lair:2   | Reached XP level 12. HP: 34/60 MP: 16/20
 10841 | Lair:2   | 10841 ||| INVOKING Heroism.
 10937 | Lair:1   | 10937 ||| RETREEEEATING.
 10939 | Lair:1   | 10939 ||| RETREEEEATING.
 10940 | Lair:1   | 10940 ||| RETREEEEATING.
 10941 | Lair:1   | 10941 ||| RETREEEEATING.
 10942 | Lair:1   | 10942 ||| RETREEEEATING.
 10943 | Lair:1   | 10943 ||| RETREEEEATING.
 10994 | Lair:1   | Noticed Amaemon
 11008 | Lair:1   | 11008 ||| INVOKING Finesse.
 11013 | Lair:1   | 11013 ||| RETREEEEATING.
 11014 | Lair:1   | 11014 ||| RETREEEEATING.
 11015 | Lair:1   | 11015 ||| RETREEEEATING.
 11027 | Lair:1   | HP: 14/60 [Amaemon/-1 demon whip of venom (6)]
 11028 | Lair:1   | 11028 ||| READING 7 scrolls of teleportation.
 11029 | Lair:1   | 11029 ||| DRINKING potion of heal wounds.
 11139 | Lair:1   | 11139 ||| RETREEEEATING.
 11150 | Lair:1   | 11150 ||| RETREEEEATING.
 11151 | Lair:1   | 11151 ||| RETREEEEATING.
 11152 | Lair:1   | 11152 ||| RETREEEEATING.
 11153 | Lair:1   | 11153 ||| RETREEEEATING.
 11154 | Lair:1   | 11154 ||| RETREEEEATING.
 11155 | Lair:1   | 11155 ||| RETREEEEATING.
 11187 | Lair:1   | Found a transporter.
 11381 | Lair:1   | Found a sacrificial altar of Ru.
 11419 | Lair:1   | Reached skill level 6 in Fighting
 11465 | Lair:1   | Received a gift from Okawaru
 11483 | Lair:1   | Killed Amaemon
 11677 | Lair:1   | 11677 ||| RETREEEEATING.
 11679 | Lair:1   | 11679 ||| RETREEEEATING.
 11690 | Lair:1   | Found a transporter.
 11690 | Lair:1   | Found the -2 hat of the Alchemist {rElec rPois rF+ rC+ rN+
                  | Will+ rMut rCorr}
 11695 | Lair:1   | 11695 ||| READING 2 scrolls of identify.
 11695 | Lair:1   | 11695 ||| IDENTIFYING scroll labelled GACSUIZUNLU
 11696 | Lair:1   | 11696 ||| DROPPING scroll of blinking.
 11735 | Lair:2   | 11735 ||| STAIRDANCE
 11743 | Lair:2   | 11743 ||| STAIRDANCE
 11751 | Lair:2   | 11751 ||| STAIRDANCE
 11769 | Lair:2   | 11769 ||| RETREEEEATING.
 11772 | Lair:2   | 11772 ||| RETREEEEATING.
 11775 | Lair:2   | 11775 ||| RETREEEEATING.
 11776 | Lair:2   | 11776 ||| RETREEEEATING.
 11778 | Lair:2   | 11778 ||| RETREEEEATING.
 11779 | Lair:2   | 11779 ||| RETREEEEATING.
 11781 | Lair:2   | 11781 ||| RETREEEEATING.
 11783 | Lair:2   | Reached ****** piety under Okawaru
 11834 | Lair:2   | 11834 ||| INVOKING Receive Weapon.
 11834 | Lair:2   | 11834 ||| ACQUIRING +3 hand cannon of draining
 11834 | Lair:2   | Acquired a +3 hand cannon of draining
 11834 | Lair:2   | Received a gift from Okawaru
 11835 | Lair:2   | 11835 ||| INVOKING Receive Armour.
 11835 | Lair:2   | 11835 ||| ACQUIRING +2 cloak of Light {Rampage +Blink
                  | rPois}
 11835 | Lair:2   | Acquired the +2 cloak of Light {Rampage +Blink rPois}
 11835 | Lair:2   | Received a gift from Okawaru
 11837 | Lair:2   | 11837 ||| SWAPPING to +3 hand cannon of draining.
 11838 | Lair:2   | 11838 ||| DROPPING +4 shortbow of draining.
 12282 | Lair:2   | Found a staircase to the Shoals.
 12285 | Lair:2   | 12285 ||| RETREEEEATING.
 12288 | Lair:2   | 12288 ||| RETREEEEATING.
 12290 | Lair:2   | 12290 ||| RETREEEEATING.
 12291 | Lair:2   | 12291 ||| RETREEEEATING.
 12292 | Lair:2   | 12292 ||| RETREEEEATING.
 12533 | Lair:2   | 12533 ||| UPGRADING to +2 cloak of Light {Rampage +Blink
                  | rPois}.
 12569 | Lair:3   | 12569 ||| STAIRDANCE
 12569 | Lair:3   | Noticed a six-headed hydra
 12583 | Lair:2   | Received a gift from Okawaru
 12597 | Lair:3   | 12597 ||| STAIRDANCE
 12609 | Lair:3   | 12609 ||| STAIRDANCE
 12611 | Lair:2   | 12611 ||| INVOKING Finesse.
 12618 | Lair:2   | Killed a six-headed hydra
 12689 | Lair:3   | 12689 ||| INVOKING Finesse.
 12691 | Lair:3   | 12691 ||| INVOKING Heroism.
 12697 | Lair:3   | Reached skill level 15 in Ranged Weapons
 12850 | Lair:3   | 12850 ||| INVOKING Finesse.
 12856 | Lair:3   | Reached XP level 13. HP: 38/65 MP: 15/21
 12862 | Lair:3   | Reached skill level 15 in Dodging
 12862 | Lair:3   | 12862 ||| FLEEEEING.
 12863 | Lair:3   | 12863 ||| FLEEEEING.
 12864 | Lair:3   | 12864 ||| FLEEEEING.
 12865 | Lair:3   | 12865 ||| FLEEEEING.
 12866 | Lair:3   | 12866 ||| FLEEEEING.
 12867 | Lair:3   | 12867 ||| FLEEEEING.
 12868 | Lair:3   | 12868 ||| FLEEEEING.
 12869 | Lair:3   | 12869 ||| FLEEEEING.
 12870 | Lair:3   | 12870 ||| FLEEEEING.
 12871 | Lair:3   | 12871 ||| FLEEEEING.
 12873 | Lair:3   | 12873 ||| FLEEEEING.
 12874 | Lair:3   | 12874 ||| FLEEEEING.
 12875 | Lair:3   | 12875 ||| FLEEEEING.
 12965 | Lair:3   | Received a gift from Okawaru
 12974 | Lair:3   | Found a staircase to the Snake Pit.
 13068 | Lair:3   | 13068 ||| RETREEEEATING.
 13069 | Lair:3   | 13069 ||| RETREEEEATING.
 13070 | Lair:3   | 13070 ||| RETREEEEATING.
 13071 | Lair:3   | 13071 ||| RETREEEEATING.
 13072 | Lair:3   | 13072 ||| RETREEEEATING.
 13073 | Lair:3   | 13073 ||| RETREEEEATING.
 13074 | Lair:3   | 13074 ||| RETREEEEATING.
 13075 | Lair:3   | 13075 ||| RETREEEEATING.
 13076 | Lair:3   | 13076 ||| RETREEEEATING.
 13077 | Lair:3   | 13077 ||| RETREEEEATING.
 13078 | Lair:3   | 13078 ||| RETREEEEATING.
 13079 | Lair:3   | 13079 ||| RETREEEEATING.
 13080 | Lair:3   | 13080 ||| RETREEEEATING.
 13081 | Lair:3   | 13081 ||| RETREEEEATING.
 13082 | Lair:3   | 13082 ||| RETREEEEATING.
 13083 | Lair:3   | 13083 ||| RETREEEEATING.
 13084 | Lair:3   | 13084 ||| RETREEEEATING.
 13085 | Lair:3   | 13085 ||| RETREEEEATING.
 13121 | Lair:3   | 13121 ||| INVOKING Finesse.
 13122 | Lair:3   | 13122 ||| INVOKING Heroism.
 13167 | Lair:3   | Noticed Nergalle
 13173 | Lair:3   | Killed Nergalle
 13208 | Lair:3   | Identified the +5 hand cannon "Pyoklon" {flame, rElec}
 13210 | Lair:3   | 13210 ||| SWAPPING to +5 hand cannon "Pyoklon" {flame,
                  | rElec}.
 13211 | Lair:3   | 13211 ||| DROPPING +3 hand cannon of draining.
 13500 | Lair:3   | 13500 ||| READING 4 scrolls of identify.
 13500 | Lair:3   | 13500 ||| IDENTIFYING 2 golden potions
 13554 | Lair:4   | 13554 ||| RETREEEEATING.
 13612 | Lair:4   | Received a gift from Okawaru
 13612 | Lair:4   | Noticed Urug
 13619 | Lair:4   | Noticed Josephine
 13621 | Lair:4   | 13621 ||| RETREEEEATING.
 13623 | Lair:4   | 13623 ||| ZAPPING wand of light (11) at 3,-3 (Josephine;
                  | floor).
 13624 | Lair:4   | 13624 ||| RETREEEEATING.
 13625 | Lair:4   | 13625 ||| RETREEEEATING.
 13626 | Lair:4   | 13626 ||| RETREEEEATING.
 13627 | Lair:4   | 13627 ||| RETREEEEATING.
 13628 | Lair:4   | 13628 ||| RETREEEEATING.
 13629 | Lair:4   | 13629 ||| RETREEEEATING.
 13630 | Lair:4   | 13630 ||| RETREEEEATING.
 13631 | Lair:4   | 13631 ||| RETREEEEATING.
 13632 | Lair:4   | 13632 ||| RETREEEEATING.
 13633 | Lair:4   | 13633 ||| RETREEEEATING.
 13634 | Lair:4   | 13634 ||| RETREEEEATING.
 13636 | Lair:4   | 13636 ||| RETREEEEATING.
 13637 | Lair:4   | 13637 ||| RETREEEEATING.
 13638 | Lair:4   | 13638 ||| RETREEEEATING.
 13639 | Lair:4   | 13639 ||| RETREEEEATING.
 13640 | Lair:4   | 13640 ||| RETREEEEATING.
 13641 | Lair:4   | 13641 ||| RETREEEEATING.
 13642 | Lair:4   | 13642 ||| RETREEEEATING.
 13644 | Lair:4   | 13644 ||| RETREEEEATING.
 13645 | Lair:4   | 13645 ||| RETREEEEATING.
 13646 | Lair:4   | 13646 ||| RETREEEEATING.
 13651 | Lair:4   | 13651 ||| INVOKING Finesse.
 13688 | Lair:4   | Killed Josephine
 13717 | Lair:4   | Received a gift from Okawaru
 13956 | Lair:4   | Found a viscous altar of Jiyva.
 13956 | Lair:4   | Found a staircase to the Slime Pits.
 14002 | Lair:4   | 14002 ||| INVOKING Finesse.
 14003 | Lair:4   | 14003 ||| INVOKING Heroism.
 14090 | Lair:4   | You fall into a shaft and drop 1 floor!
 14090 | Lair:5   | Entered Level 5 of the Lair of Beasts
 14093 | Lair:5   | 14093 ||| RETREEEEATING.
 14094 | Lair:5   | 14094 ||| RETREEEEATING.
 14095 | Lair:5   | 14095 ||| RETREEEEATING.
 14096 | Lair:5   | 14096 ||| RETREEEEATING.
 14097 | Lair:5   | 14097 ||| RETREEEEATING.
 14098 | Lair:5   | 14098 ||| RETREEEEATING.
 14099 | Lair:5   | 14099 ||| RETREEEEATING.
 14100 | Lair:5   | 14100 ||| INVOKING Finesse.
 14107 | Lair:5   | HP: 11/67 [death yak (9)]
 14108 | Lair:5   | 14108 ||| READING 7 scrolls of teleportation.
 14109 | Lair:5   | 14109 ||| DRINKING 2 potions of heal wounds.
 14122 | Lair:5   | 14122 ||| RETREEEEATING.
 14123 | Lair:5   | 14123 ||| RETREEEEATING.
 14124 | Lair:5   | 14124 ||| RETREEEEATING.
 14125 | Lair:5   | 14125 ||| RETREEEEATING.
 14141 | Lair:5   | HP: 15/67 [death yak (14)]
 14142 | Lair:5   | 14142 ||| READING 6 scrolls of teleportation.
 14143 | Lair:5   | 14143 ||| DRINKING potion of heal wounds.
 14145 | Lair:5   | 14145 ||| RETREEEEATING.
 14146 | Lair:5   | 14146 ||| RETREEEEATING.
 14151 | Lair:5   | 14151 ||| RETREEEEATING.
 14152 | Lair:5   | 14152 ||| INVOKING Finesse.
 14155 | Lair:5   | Received a gift from Okawaru
 14157 | Lair:5   | 14157 ||| INVOKING Heroism.
 14166 | Lair:5   | HP: 15/67 [poisoned by a cane toad]
 14167 | Lair:5   | 14167 ||| READING 5 scrolls of teleportation.
 14167 | Lair:5   | HP: 7/67 [poisoned by a cane toad]
 14168 | Lair:5   | Slain by a cane toad

Levels and vault maps discovered:
D:1:      amcnicky_arrival_wind_blow, layout_rooms, minmay_split_cup_small
D:2:      layout_loops_ring, uniq_sigmund
D:3:      layout_rooms, wander_ebering_terrifying_dragon_lair
D:4:      minmay_evil_eye, layout_basic
D:5:      layout_basic
D:6:      layout_loops_corners, kennysheep_slug_shrine,
          nicolae_nh_ransacked_shop
D:7:      layout_basic, nicolae_overflow_hidden_temple, temple_doors_e,
          enter_ossuary_3
D:8:      layout_gridville, nicolae_shop_gadgets
D:9:      layout_roguey, nemelex_diamond_rough_becter
D:10:     layout_basic, chequers_temple_overflow_statue_of_worship
D:11:     layout_long_grid, erik_lair_dragon, orc_0_dummy, minmay_crystal_water,
          cheibrodos_ashenzari_chains
Temple:   hellmonk_temple_divided_pantheon
Lair:1:   layout_gridlike, gammafunk_ghost_hive, basic_altar, uniq_amaemon
Lair:2:   layout_gridlike, elwin_shoals_entry_rocks, infiniplex_staircase_pool_2
Lair:3:   layout_gridlike, nicolae_snake_entry_warm_welcome,
          serial_bayou_pond_a, grunt_forest_stairs_clearing, lemuel_fruit_tree,
          infiniplex_staircase_pool, uniq_nergalle
Lair:4:   layout_gridlike, dpeg_slime_entry_enclosed, serial_bayou,
          serial_bayou_crossing, serial_bayou_pond_b, serial_bayou_pond_d,
          serial_bayou_ford_a, st_stairs_3, uniq_urug, uniq_josephine
Lair:5:   minmay_lair_end_frog_pond, layout_hall_layers, special_room
          [special_room_jelly]

Skill      XL: |  1  2  3  4  5  6  7  8  9 10 11 12 13 |
---------------+----------------------------------------+-----
Dodging        | 3 4 5 6 7 9 11 12 14 16 | 16.0
Ranged Weapons | 6 7 8 9 10 12 13 15 16 | 16.8
Fighting       | 2 3 4 5 6 7 |  7.0
Invocations    | 4 6 9 10 | 10.0
Armour         | 1 |  1.1
Stealth        | |  1.5

Action                     |  1- 3 |  4- 6 |  7- 9 | 10-12 | 13-15 || total
---------------------------+-------+-------+-------+-------+-------++-------
   Fire: Shortbow          |   105 |   143 |   472 |   883 |       ||  1603
         Hand cannon       |       |       |       |   111 |   263 ||   374
 Invoke: Finesse           |       |       |       |    10 |     5 ||    15
         Heroism           |       |       |       |     3 |     3 ||     6
         Receive Weapon    |       |       |       |     1 |       ||     1
         Receive Armour    |       |       |       |     1 |       ||     1
  Evoke: Wand              |       |       |       |       |     1 ||     1
    Use: Scroll            |     3 |    11 |    11 |    10 |     4 ||    39
         Potion            |       |       |     1 |     3 |     2 ||     6
 Armour: Robe              |    18 |    20 |    77 |    37 |       ||   152
         Acid dragon scale |       |       |       |    31 |       ||    31
         Troll leather arm |       |       |       |    77 |    83 ||   160
  Dodge: Dodged            |    60 |    56 |   220 |   697 |   314 ||  1347

Table legend:
 A = Non-vault XP
 B = Vault XP
 C = Vault XP percentage of total XP
 D = Non-vault monster count
 E = Vault monster count
 F = Vault count percentage of total count
                 A         B        C        D         E       F
            +---------+---------+-------+---------+---------+-------
      Total |   47326 |   12696 |  21.2 |     345 |      82 |  19.2
            +---------+---------+-------+---------+---------+-------
        D:1 |      41 |       5 |  10.9 |      24 |       3 |  11.1
        D:2 |      52 |     243 |  82.4 |      13 |       1 |   7.1
        D:3 |     125 |       1 |   0.8 |      18 |       1 |   5.3
        D:4 |      69 |       6 |   8.0 |      10 |       2 |  16.7
        D:5 |     286 |       0 |   0.0 |      15 |       0 |   0.0
        D:6 |     905 |      90 |   9.0 |      16 |       3 |  15.8
        D:7 |     869 |       0 |   0.0 |      20 |       0 |   0.0
        D:8 |    3318 |       0 |   0.0 |      37 |       0 |   0.0
        D:9 |    2287 |       0 |   0.0 |      22 |       0 |   0.0
       D:10 |    2184 |       0 |   0.0 |      23 |       0 |   0.0
       D:11 |    5525 |    1522 |  21.6 |      22 |       7 |  24.1
     Lair:1 |    8444 |    1215 |  12.6 |      39 |       2 |   4.9
     Lair:2 |    7776 |       0 |   0.0 |      39 |       0 |   0.0
     Lair:3 |    5702 |    2486 |  30.4 |      21 |      11 |  34.4
     Lair:4 |    7884 |    2386 |  23.2 |      23 |       8 |  25.8
     Lair:5 |    1859 |    3981 |  68.2 |       3 |      15 |  83.3
    Ossuary |       0 |     761 | 100.0 |       0 |      29 | 100.0
            +---------+---------+-------+---------+---------+-------
